 Dungeon Crawl Stone Soup version 0.22-a0-422-g9628fc8 (webtiles) character file.

29365 PegasusDuck the Thaumaturge (level 12, -2/81 HPs)
             Began as a Demigod Fire Elementalist on May 17, 2018.
             Slain by a hornet (12 damage)
             ... while paralysed by a hornet
             ... on level 6 of the Lair of Beasts.
             The game lasted 00:46:19 (19804 turns).

PegasusDuck the Thaumaturge (DgFE)                 Turns: 19804, Time: 00:46:20

Health: -2/81      AC: 10    Str: 17    XL:     12   Next: 82%
Magic:  0/34       EV:  2    Int: 21    God:
Gold:   773        SH:  0    Dex: 16    Spells: 26/37 levels left

rFire    . . .     SeeInvis +   a - +2 shortbow (flame)
rCold    . . .     Gourm    .   (shield currently unavailable)
rNeg     . . .     Faith    .   r - +0 robe
rPois    .         Spirit   +   e - +2 helmet
rElec    .         Reflect  .   t - +0 cloak
rCorr    .         Harm     .   v - +2 pair of gloves {archery}
MR       +....                  A - +0 pair of boots
Stlth    +++.......             M - amulet of guardian spirit (curse)
HPRegen  0.23/turn              d - ring of see invisible
MPRegen  0.24/turn              y - ring of wizardry

@: paralysed, slowed
A: high mp 1
a: no special abilities


You were on level 6 of the Lair of Beasts.
You were not hungry.

You visited 2 branches of the dungeon, and saw 15 of its levels.
You also visited: Sewer.

You collected 1021 gold pieces.
You spent 248 gold pieces at shops.

Inventory:

Hand Weapons
 a - a +2 shortbow of flaming (weapon)
 b - a +0 short sword of draining
 O - a +0 longbow of venom
Missiles
 s - 190 arrows (quivered)
Armour
 e - a +2 helmet (worn)
 r - a +0 robe (worn)
 t - a +0 cloak (worn)
 u - +0 shadow dragon scales
 v - a +2 pair of gloves of archery (worn)
 A - a +0 pair of boots (worn)
Jewellery
 d - a ring of see invisible (left hand)
 k - an uncursed ring of wizardry
 y - a ring of wizardry (right hand)
 C - an uncursed ring of fire
 F - an uncursed ring of stealth
 I - an uncursed ring of flight
 L - an uncursed amulet of rage
 M - a cursed amulet of guardian spirit (around neck)
 U - the ring of Qoeg Ukh {rPois MR+ Stlth+, unknown}
   (You found it on level 5 of the Lair of Beasts)

   [ring of stealth]

   It protects you from poison.
   It affects your resistance to hostile enchantments.
   It makes you more stealthy.
Wands
 c - a wand of polymorph (11)
 B - a wand of flame (59)
 H - a wand of random effects (11)
 J - a wand of digging (25)
Scrolls
 g - a scroll of fear
 i - 8 scrolls of teleportation
 m - 10 scrolls of remove curse
 n - 7 scrolls of blinking
 w - 7 scrolls of magic mapping
 x - 3 scrolls of fog
 E - a scroll of vulnerability
 K - 2 scrolls of amnesia
Potions
 h - 8 potions of curing
 j - 6 potions of heal wounds
 l - 3 potions of haste
 o - a potion of resistance
 p - 4 potions of magic
 q - a potion of invisibility
 z - 4 potions of mutation {unknown}
 D - a potion of brilliance {unknown}
 G - 4 potions of lignification
 N - a potion of ambrosia {unknown}
 Q - 3 potions of flight {unknown}
 R - a potion of degeneration {unknown}
Comestibles
 f - 19 rations


   Skills:
 + Level 8.6 Bows
 - Level 4.0 Dodging
 - Level 4.0 Stealth
 + Level 13.4 Spellcasting
 - Level 7.0 Conjurations
 + Level 8.5 Fire Magic


You had 26 spell levels left.
You knew the following spells:

 Your Spells              Type           Power        Failure   Level  Hunger
a - Flame Tongue          Conj/Fire      #####        1%          1    None
b - Throw Flame           Conj/Fire      #####.       1%          2    None
c - Conjure Flame         Conj/Fire      #####...     1%          3    None
e - Fireball              Conj/Fire      #####.....   2%          5    ###....

Your spell library contained the following spells:

 Spells                   Type           Power        Failure   Level  Hunger
 Mephitic Cloud           Conj/Pois/Air  ###.....     2%          3    None
 Venom Bolt               Conj/Pois      ####......   12%         5    ###....
 Olgreb's Toxic Radiance  Pois           ##......     17%         4    None
 Sticky Flame             Conj/Fire      #####...     1%          4    None
 Regeneration             Chrm/Necr      ##........   6%          3    None
 Sting                    Conj/Pois      ####         1%          1    None
 Shroud of Golubria       Chrm/Tloc      ##........   2%          2    None
 Inner Flame              Hex/Fire       ####....     1%          3    None
 Infusion                 Chrm           ##..         1%          1    None
 Song of Slaying          Chrm           ##......     2%          2    None
 Spectral Weapon          Hex/Chrm       ##......     6%          3    None
 Poisonous Vapours        Pois/Air       ##....       2%          2    None


Dungeon Overview and Level Annotations

Branches:
Dungeon (9/15)             Temple (0/1) D:4            Lair (6/6) D:8
 Spider (0/4) Lair:2
  Swamp: Lair:2-4    Shoals: Lair:2-4     Slime: Lair:5-6       Orc: D:9-12

Shops:
D:4 *   D:5 *

Annotations:
Lair:2 Verendum's ghost, journeyman TrMo
Lair:3 exclusion: downstairs
Lair:4 exclusion: 4 oklob plants
Lair:6 Josephine


Innate Abilities, Weirdness & Mutations

You have an increased reservoir of magic. (+10% MP)


Message History

The hornet stings you.
You are more poisoned.
You feel as though you will be slow longer.
Casting: Throw Flame (safe; 1% risk of failure)
Confirm with . or Enter, or press ? or * to list all spells.
Aiming: Throw Flame (safe; 1% risk of failure)
Press: ? - help, Shift-Dir - straight line, f/p - hornet
Aim: a hornet (almost dead)
The puff of flame misses the hornet.
You feel very sick. The hornet misses you. The hornet stings you!
You feel as though you will be slow longer.
You feel better. The hornet stings you!
* * * LOW HITPOINT WARNING * * *
You suddenly lose the ability to move!
The hornet stings you!
* * * LOW HITPOINT WARNING * * *
You feel as though you will be slow longer.
The hornet stings you but does no damage.
The hornet stings you!
You die...

### ##.## .
##..P##...
#.........
##..#####.
#.@...#
#.y.###
##(.## .....
##...# ..P.#.
#.(..##....P.
#.(.##....P(
##(..#P..Y.
#.(.##§..#.#
#...P§#...#..


You could see a hornet.

Vanquished Creatures
  6 hydras
  A catoblepas (Lair:6)
  3 two-headed ogres
  A death yak (Lair:4)
  Sonja (Lair:4)
  Pikel (D:7)
  9 elephants
  2 black mambas
  Maurice (D:8)
  9 spiny frogs
  3 rime drakes
  7 komodo dragons
  A polar bear (Lair:4)
  8 blink frogs
  5 hippogriffs
  A tarantella (Lair:2)
  A wyvern (Lair:5)
  11 yaks
  2 basilisks (Lair:2)
  5 water moccasins
  3 orc warriors (D:6)
  9 porcupines
  A sky beast (D:7)
  A slave (D:7)
  2 ice beasts
  Purgy (Sewer)
  2 black bears
  A necrophage (D:7)
  2 phantoms
  2 ogres
  8 centaurs
  13 crocodiles
  5 wolves (Lair:6)
  15 bullfrogs
  2 scorpions
  2 water moccasin skeletons (D:6)
  3 killer bees (D:8)
  2 howler monkeys (D:4)
  An electric eel (Lair:5)
  3 lava snakes (Lair:4)
  4 crimson imps
  A bullfrog zombie (D:6)
  A jelly (D:6)
  3 hounds
  4 orc wizards
  Crazy Yiuf (D:3)
  5 orc priests
  A centaur skeleton (D:3)
  3 iguanas
  Terence (D:2)
  3 worker ants
  A hound skeleton (D:4)
  A hound zombie (D:8)
  A howler monkey zombie (D:6)
  A worker ant zombie (D:9)
  7 adders
  A river rat (D:4)
  An ooze (D:3)
  An adder skeleton (D:4)
  2 worms
  3 dart slugs (D:3)
  7 leopard geckos
  35 orcs
  8 giant cockroaches
  8 goblins
  14 hobgoblins
  19 jackals
  9 kobolds
  3 quokkas
  A ball python (D:6)
  12 bats
  8 frilled lizards
  A quokka skeleton (D:6)
  A quokka zombie (D:6)
  5 rats
  A bush (Lair:4)
  3 fungi
  A plant (Lair:5)
338 creatures vanquished.

Vanquished Creatures (others)
  15 fungi
  54 plants
69 creatures vanquished.

Grand Total: 407 creatures vanquished

Notes
Turn   | Place    | Note
-------+----------+-------------------------------------------
     0 | D:1      | PegasusDuck the Demigod Fire Elementalist began the quest for the Orb.
     0 | D:1      | Reached XP level 1. HP: 14/14 MP: 5/5
    82 | D:1      | Reached skill level 1 in Conjurations
   303 | D:1      | Reached XP level 2. HP: 18/20 MP: 2/7
   406 | D:1      | Reached skill level 2 in Spellcasting
  1346 | D:2      | Reached XP level 3. HP: 26/26 MP: 6/8
  1368 | D:2      | Learned a level 2 spell: Throw Flame
  2269 | D:2      | Noticed Terence
  2275 | D:2      | Learned a level 3 spell: Conjure Flame
  2281 | D:2      | Killed Terence
  2281 | D:2      | Reached XP level 4. HP: 33/33 MP: 1/10
  2845 | D:3      | Reached XP level 5. HP: 37/38 MP: 7/11
  3059 | D:3      | Found a runed door.
  3464 | D:3      | Noticed Crazy Yiuf
  3475 | D:3      | Killed Crazy Yiuf
  3684 | D:4      | Found Yshatops's General Store.
  3686 | D:4      | Noticed an ogre
  3774 | D:4      | Killed an ogre
  3923 | D:4      | Reached XP level 6. HP: 43/45 MP: 11/13
  3969 | D:4      | Found a glowing drain.
  3973 | Sewer    | Entered a sewer
  4184 | Sewer    | Noticed Purgy
  4208 | Sewer    | Killed Purgy
  4208 | Sewer    | Reached skill level 3 in Spellcasting
  4355 | D:4      | Bought a scroll of identify for 20 gold pieces
  4355 | D:4      | Bought a scroll of identify for 20 gold pieces
  4556 | D:4      | Found a staircase to the Ecumenical Temple.
  4808 | D:4      | Reached XP level 7. HP: 41/50 MP: 1/15
  5718 | D:5      | Entered Level 5 of the Dungeon
  5735 | D:5      | Found Guannat's Assorted Antiques.
  5761 | D:5      | Bought a pair of embroidered gloves for 142 gold pieces
  5761 | D:5      | Bought a scroll of magic mapping for 66 gold pieces
  6431 | D:5      | Reached skill level 1 in Bows
  6639 | D:6      | Reached skill level 4 in Spellcasting
  6936 | D:6      | Reached XP level 8. HP: 56/57 MP: 8/17
  7423 | D:6      | Noticed a hippogriff
  7428 | D:6      | Killed a hippogriff
  7428 | D:6      | Reached skill level 5 in Bows
  7566 | D:6      | Reached skill level 5 in Spellcasting
  8161 | D:6      | Learned a level 5 spell: Fireball
  8682 | D:7      | Reached XP level 9. HP: 57/62 MP: 9/21
  8716 | D:7      | Found a snail-covered altar of Cheibriados.
  8744 | D:7      | Noticed Pikel
  8776 | D:7      | Killed Pikel
  8776 | D:7      | Reached skill level 6 in Spellcasting
  8897 | D:7      | Reached skill level 7 in Spellcasting
  9112 | D:8      | Noticed a two-headed ogre
  9126 | D:8      | Killed a two-headed ogre
  9126 | D:8      | Reached skill level 8 in Spellcasting
  9931 | D:8      | Found a staircase to the Lair.
  9931 | D:8      | Noticed an elephant
  9936 | D:8      | Noticed Maurice
 10051 | D:8      | Killed Maurice
 10206 | D:8      | Reached XP level 10. HP: 69/69 MP: 26/26
 10531 | D:9      | Reached skill level 5 in Conjurations
 10531 | D:9      | Reached skill level 5 in Fire Magic
 10820 | D:9      | Noticed a two-headed ogre
 10849 | D:9      | Killed a two-headed ogre
 10926 | D:9      | Reached skill level 9 in Spellcasting
 11310 | D:9      | Noticed a two-headed ogre
 11325 | D:9      | Killed a two-headed ogre
 11551 | D:9      | Noticed a fire dragon
 11718 | Lair:1   | Entered Level 1 of the Lair of Beasts
 12688 | Lair:2   | Reached XP level 11. HP: 74/74 MP: 19/29
 13074 | Lair:2   | Reached skill level 10 in Spellcasting
 13168 | Lair:2   | Found a hole to the Spider Nest.
 13488 | Lair:2   | Noticed Verendum's ghost (journeyman TrMo)
 13824 | Lair:3   | Noticed a seven-headed hydra
 13829 | Lair:3   | Killed a seven-headed hydra
 14380 | Lair:3   | Noticed a six-headed hydra
 14396 | Lair:3   | Killed a six-headed hydra
 14396 | Lair:3   | Reached skill level 11 in Spellcasting
 15712 | Lair:4   | Noticed a death yak
 15712 | Lair:4   | Noticed a death yak
 15775 | Lair:4   | Noticed a death yak
 15823 | Lair:4   | Killed a death yak
 15823 | Lair:4   | Reached skill level 12 in Spellcasting
 16700 | Lair:4   | Reached XP level 12. HP: 76/81 MP: 17/33
 16941 | Lair:4   | Noticed Sonja
 16946 | Lair:4   | Killed Sonja
 17516 | Lair:4   | Reached skill level 13 in Spellcasting
 17891 | Lair:5   | Noticed a seven-headed hydra
 17894 | Lair:5   | Noticed a five-headed hydra
 18500 | Lair:5   | Noticed a five-headed hydra
 18506 | Lair:5   | Killed a five-headed hydra
 18646 | Lair:5   | Killed a five-headed hydra
 18859 | Lair:5   | Killed a seven-headed hydra
 19312 | Lair:5   | Got a wavering bone ring
 19422 | Lair:6   | Entered Level 6 of the Lair of Beasts
 19422 | Lair:6   | Noticed a five-headed hydra
 19430 | Lair:6   | Noticed Josephine
 19431 | Lair:6   | Killed a five-headed hydra
 19572 | Lair:6   | Noticed a five-headed hydra
 19749 | Lair:6   | Noticed a catoblepas
 19772 | Lair:6   | Killed a catoblepas
 19803 | Lair:6   | Paralysed by a hornet for 3 turns
 19804 | Lair:6   | Slain by a hornet

Vault maps used:
D:1:      dpeg_arrival_chase, nrook_mini_backslash
D:2:      uniq_terence
D:3:      first_ration, minmay_checkerbox, uniq_crazy_yiuf_cottage
D:4:      temple_statues, gup_sewer_entry_spiral, serial_shops, shop,
          amethyst_killhole, lightli_corner_chamber
D:5:      serial_shops, nicolae_shop_trees
D:7:      lemuel_crystal_altar, uniq_pikel
D:8:      david_lair_generic, uniq_maurice
D:9:      dragon1_lemuel
Lair:1:   grunt_megastairs_4
Lair:2:   spider_nest_entry_rubble, st_stairs_4, lemuel_fruit_tree
Lair:4:   cheibrodos_magma_flow, minmay_shoals_entry_centaurs,
          minmay_lair_oklob_chamber, uniq_sonja
Lair:5:   infiniplex_staircase_pool
Lair:6:   gammafunk_lair_ancient_temple, dpeg_slime_entry_enclosed_altar,
          uniq_josephine
Sewer:    sewer_the_crocodile

Skill      XL: |  1  2  3  4  5  6  7  8  9 10 11 12 |
---------------+-------------------------------------+-----
Conjurations   | 1 2 3 4 7 |  7.0
Stealth        | 2 3 4 |  4.0
Dodging        | 2 3 4 |  4.0
Spellcasting   | 2 3 4 5 8 9 12 13 | 13.4
Fire Magic     | 3 4 7 8 |  8.5
Bows           | 3 6 7 8 |  8.6

Action                   |  1- 3 |  4- 6 |  7- 9 | 10-12 || total
-------------------------+-------+-------+-------+-------++-------
Melee: Unarmed           |    10 |       |       |       ||    10
       Flail             |       |    29 |       |       ||    29
       Short sword       |       |       |     3 |       ||     3
 Fire: Shortbow          |       |    47 |   203 |   411 ||   661
       Longbow           |       |       |       |    45 ||    45
 Cast: Flame Tongue      |    90 |    95 |    43 |     3 ||   231
       Throw Flame       |     1 |    25 |   108 |    88 ||   222
       Conjure Flame     |     1 |     5 |    14 |     9 ||    29
       Fireball          |       |       |     3 |    85 ||    88
Evoke: Wand              |       |       |       |     1 ||     1
  Use: Scroll            |     3 |     6 |     2 |    17 ||    28
       Potion            |       |       |       |     3 ||     3
  Eat: Chunk             |     4 |     8 |    12 |    21 ||    45
       Ration            |       |     1 |     2 |     6 ||     9
Armor: Robe              |    19 |    31 |    30 |    37 ||   117
Dodge: Dodged            |    66 |    89 |    86 |   106 ||   347

Table legend:
 A = Spawn XP
 B = Non-spawn XP
 C = Spawn XP percentage of total XP
 D = Spawn monster count
 E = Non-spawn monster count
 F = Spawn count percentage of total count
 G = Total turns spent on level
                    A         B        C        D         E        F      G
               +---------+---------+-------+---------+---------+-------+---------
         Total |       0 |   41950 |   0.0 |       0 |     332 |   0.0 | 19804
               +---------+---------+-------+---------+---------+-------+---------
           D:1 |       0 |      44 |   0.0 |       0 |      27 |   0.0 |  1274
           D:2 |       0 |     103 |   0.0 |       0 |      24 |   0.0 |  1338
           D:3 |       0 |     162 |   0.0 |       0 |      36 |   0.0 |   987
           D:4 |       0 |     567 |   0.0 |       0 |      28 |   0.0 |  1782
           D:5 |       0 |     202 |   0.0 |       0 |      17 |   0.0 |   858
           D:6 |       0 |    1491 |   0.0 |       0 |      32 |   0.0 |  1621
           D:7 |       0 |    1324 |   0.0 |       0 |       9 |   0.0 |   892
           D:8 |       0 |    2698 |   0.0 |       0 |      23 |   0.0 |  1441
           D:9 |       0 |    3528 |   0.0 |       0 |      21 |   0.0 |  1188
        Lair:1 |       0 |    2514 |   0.0 |       0 |      13 |   0.0 |  1007
        Lair:2 |       0 |    3817 |   0.0 |       0 |      16 |   0.0 |  1416
        Lair:3 |       0 |    3721 |   0.0 |       0 |      11 |   0.0 |  2000
        Lair:4 |       0 |    9695 |   0.0 |       0 |      33 |   0.0 |  1733
        Lair:5 |       0 |    9257 |   0.0 |       0 |      28 |   0.0 |  1842
        Lair:6 |       0 |    2689 |   0.0 |       0 |       8 |   0.0 |    88
         Sewer |       0 |     138 |   0.0 |       0 |       6 |   0.0 |   337
               +---------+---------+-------+---------+---------+-------+---------
